 Dungeon Crawl Stone Soup version 0.27.1-3-gb3d3a73c9e (webtiles) character file.

Game seed: 17506906934957659679

78 dekerabia the Ruffian (level 4, 0/40 HPs)
             Began as a Ghoul Fighter on Oct 16, 2021.
             Slain by an orc (5 damage)
             ... on level 3 of the Dungeon.
             The game lasted 00:01:52 (1492 turns).

dekerabia the Ruffian (Ghoul Fighter)               Turns: 1492, Time: 00:01:52

Health: 0/40       AC:  6    Str: 20    XL:     4   Next: 36%
Magic:  3/3        EV:  7    Int:  3    God:
Gold:   58         SH:  8    Dex:  8    Spells: 3/3 levels left

rFire    . . .     SeeInvis .     - Unarmed
rCold    + . .     Faith    .   b - +0 kite shield
rNeg     + + +     Spirit   .   a - +0 scale mail
rPois    ∞         Reflect  .   (no helmet)
rElec    .         Harm     .   (no cloak)
rCorr    .         Rampage  .   (no gloves)
Will     .....                  (no boots)
Stlth    ..........             (no amulet)
HPRegen  0.00/turn              (no ring)
MPRegen  0.08/turn              (no ring)

@: inhibited regen
A: claws 1, cold resistance 1, negative energy resistance 3, inhibited
regeneration, torment resistance 2
a: no special abilities


You were on level 3 of the Dungeon.
You visited 1 branch of the dungeon, and saw 3 of its levels.

You collected 58 gold pieces.

Inventory:

Armour
 a - a +0 scale mail (worn)
 b - a +0 kite shield (worn)
Scrolls
 d - 2 scrolls of identify {unknown}
 e - a scroll of fog {unknown}
 f - a scroll of enchant weapon {unknown}
 g - a scroll of fear {unknown}
 h - a scroll of amnesia {unknown}
Potions
 c - a potion of might
 i - a potion of curing {unknown}


   Skills:
 + Level 4.1 Fighting
 - Level 2.6 Armour
 - Level 2.6 Shields
 * Level 4.2 Unarmed Combat


You had 3 spell levels left.
You didn't know any spells.
Your spell library was empty.

Dungeon Overview and Level Annotations

Branches:
Dungeon (3/15)

Altars:
Yredelemnul


Innate Abilities, Weirdness & Mutations

You thrive by killing the living.
You are immune to poison.
You have sharp fingernails.
Your flesh is cold resistant. (rC+)
You are immune to negative energy. (rN+++)
You do not regenerate when monsters are visible.
You are immune to unholy pain and torment.


Message History

You block the orc's attack. The hobgoblin closely misses you.
The orc hits you but does no damage. The bat hits you but does no damage.
The orc hits you with a +0 morningstar!
You barely miss the orc.
The orc is severely wounded.
The bat barely misses you. The bat hits you but does no damage.
The hobgoblin barely misses you.
The orc hits you from afar with a +0 trident.
The orc hits you with a +0 morningstar! You block the hobgoblin's attack.
You are too injured to fight recklessly!
You are too injured to fight recklessly!
You are too injured to fight recklessly!
You are too injured to fight recklessly!
You are too injured to fight recklessly!
You are too injured to fight recklessly!
You are too injured to fight recklessly!
You are too injured to fight recklessly!
You are too injured to fight recklessly!
You are too injured to fight recklessly!
You are too injured to fight recklessly!
You are too injured to fight recklessly!
You are too injured to fight recklessly!
You are too injured to fight recklessly!
The bat hits you but does no damage. The bat hits you but does no damage.
The bat hits you.
* * * LOW HITPOINT WARNING * * *
The bat barely misses you. The bat hits you but does no damage.
You claw the bat!
You kill the bat!
The orc hits you but does no damage.
You closely miss the orc.
The orc is heavily wounded.
The orc hits you with a +0 morningstar!
* * * LOW HITPOINT WARNING * * *
You closely miss the orc.
The orc is heavily wounded.
The orc hits you with a +0 morningstar.
You die...

#......#......... ..#
#..#...#.........
#.####..#####.......<.
#...........#.........
##.#########.#.#######+
#. #..# #....##.#)# ..
#..###.##.##.#<# .$
##..#......##.#.# 8(
#...#.#.#..##@#.# .g
##....#..g.##o#.# og
##.g.#.#..##g#.#
#.####.#.#.#...o.#..
.g..g..#..g#.########
.#.g####.###.# #..# #..
..# #..# #.##### #..#
#.#


You could see 2 orcs and a hobgoblin.

Vanquished Creatures
  2 adders (D:2)
  2 dart slugs
  3 ball pythons (D:1)
  13 bats
  3 endoplasms
  A giant cockroach (D:1)
  5 goblins
  7 hobgoblins
  4 jackals (D:1)
  5 kobolds
  3 frilled lizards
  3 rats (D:1)
51 creatures vanquished.

Notes
Turn   | Place    | Note
-------+----------+-------------------------------------------
     0 | D:1      | dekerabia the Ghoul Fighter began the quest for the Orb.
     0 | D:1      | Reached XP level 1. HP: 19/19 MP: 0/0
    96 | D:1      | Reached XP level 2. HP: 26/26 MP: 1/1
   403 | D:1      | Reached XP level 3. HP: 32/33 MP: 2/2
   823 | D:2      | Found a basalt altar of Yredelemnul.
  1006 | D:2      | Reached XP level 4. HP: 33/40 MP: 3/3
  1492 | D:3      | Slain by an orc

Illustrated notes

Levels and vault maps discovered:
D:1:      shiori_shiawase, layout_basic
D:2:      layout_rooms, basic_altar
D:3:      layout_basic, nicolae_hepliaklqana_hippocampus,
          guppyfry_early_orc_mine

Skill      XL: |  1  2  3 |
---------------+----------+-----
Unarmed Combat | 3 4 |  4.2
Fighting       | 4 |  4.1
Armour         | |  2.6
Shields        | |  2.6

Action                   |  1- 3 |  4- 6 || total
-------------------------+-------+-------++-------
Melee: Unarmed           |   117 |    34 ||   151
Armor: Scale mail        |    58 |    22 ||    80
Dodge: Dodged            |    36 |    19 ||    55
Block: Kite shield       |    67 |    17 ||    84
